Workbook

Sheet CONSOLIDADO FR
A3: SERVICIO NACIONAL DE SALUD
A4: Direccion de Fiscalizacion
A5: Consolidado de Gasto del Fondo Reponible
A7: Establecimiento : | F7: Hospital Municipal Fantino | H7: Ubicación Geográfica :
A8: No. Fas : / Función : | G8: Municipio : | H8: FANTINO
A9: No. Fondo | D9: 4 | G9: Año : 2024 / Programática :
A10: Monto del Fondo : | F10: 691000 | G10: Monto a Reponer : | H10: =K210 -> 950505.97 | O10: Contraseña: 1234
A11: No. Del Primer transf. : | F11: 35628103674 | G11: No. Del Ultima transf. O Ck. : | I11: 35639193779
A12: No. Del Primer Recibo de Caja Chica : | G12: No. Del Ultimo Recibo de Caja Chica :
A13: Monto de Caja Chica a Reponer: | G13: Monto de Cheques Emitidos : | I13: =H10-K95 -> 948786.21
A14: Tipo | B14: Objeto | C14: Cuenta | D14: Subcuenta | E14: Auxiliar | F14: Descripción Cuenta | H14: TOTALES RD$ | M14: %
H15: Objeto | I15: Cuenta | J15: Sub Cuenta | K15: Auxiliar | L15: %
A16: 2 | B16: 2 | F16: SERVICIOS NO PERSONALES | H16: =I17+I34+I39+I44+I53+I68+I73+I91+I117 -> 77689.06 | L16: =K16/$J$210 -> 0
A17: 2 | B17: 2 | C17: 1 | F17: SERVICIOS BASICOS | I17: =J18+J20+J22+J24+J26+J28+J30+J32 -> 19269.3
A18: 2 | B18: 2 | C18: 1 | D18: 1 | F18: Radiocomunicación | J18: =K19 -> 0
A19: 2 | B19: 2 | C19: 1 | D19: 1 | E19: 0 1 | F19: Radiocomunicación | K19: ='CUENTA T FR'!A74 -> 0 | L19: =K19/$J$210 -> 0
A20: 2 | B20: 2 | C20: 1 | D20: 2 | F20: Servicios telefónicos de larga distancia | J20: =K21 -> 0
A21: 2 | B21: 2 | C21: 1 | D21: 2 | E21: 0 1 | F21: Servicios telefónicos de larga distancia | K21: ='CUENTA T FR'!B74 -> 0 | L21: =K21/$J$210 -> 0
A22: 2 | B22: 2 | C22: 1 | D22: 3 | F22: Teléfono local | J22: =K23 -> 19269.3
A23: 2 | B23: 2 | C23: 1 | D23: 3 | E23: 0 1 | F23: Teléfono local | K23: ='CUENTA T FR'!C74 -> 19269.3 | L23: =K23/$J$210 -> 0.020272676
A24: 2 | B24: 2 | C24: 1 | D24: 4 | F24: Telefax y correos | J24: =K25 -> 0
A25: 2 | B25: 2 | C25: 1 | D25: 4 | E25: 0 1 | F25: Telefax y correos | K25: ='CUENTA T FR'!D74 -> 0 | L25: =K25/$J$210 -> 0
A26: 2 | B26: 2 | C26: 1 | D26: 5 | F26: Servicios de internet y televisión por cable | J26: =K27 -> 0
A27: 2 | B27: 2 | C27: 1 | D27: 5 | E27: 0 1 | F27: Servicios de internet y televisión por cable | K27: ='CUENTA T FR'!E74 -> 0 | L27: =K27/$J$210 -> 0
A28: 2 | B28: 2 | C28: 1 | D28: 6 | F28: Electricidad | J28: =K29 -> 0
A29: 2 | B29: 2 | C29: 1 | D29: 6 | E29: 0 1 | F29: Energía eléctrica | K29: ='CUENTA T FR'!F74 -> 0 | L29: =K29/$J$210 -> 0
A30: 2 | B30: 2 | C30: 1 | D30: 7 | F30: Agua | J30: =K31 -> 0
A31: 2 | B31: 2 | C31: 1 | D31: 7 | E31: 0 1 | F31: Agua | K31: ='CUENTA T FR'!G74 -> 0 | L31: =K31/$J$210 -> 0
A32: 2 | B32: 2 | C32: 1 | D32: 8 | F32: Recolección de residuos sólidos | J32: =K33 -> 0
A33: 2 | B33: 2 | C33: 1 | D33: 8 | E33: 0 1 | F33: Recolección de residuos sólidos | K33: ='CUENTA T FR'!H74 -> 0 | L33: =K33/$J$210 -> 0
A34: 2 | B34: 2 | C34: 2 | F34: PUBLICIDAD, IMPRESIÓN Y ENCUADERNACION | I34: =J35+J37 -> 0
A35: 2 | B35: 2 | C35: 2 | D35: 1 | F35: Publicidad y Propaganda | J35: =K36 -> 0
A36: 2 | B36: 2 | C36: 2 | D36: 1 | E36: 0 1 | F36: Publicidad y Propaganda | K36: ='CUENTA T FR'!I74 -> 0 | L36: =K36/$J$210 -> 0
A37: 2 | B37: 2 | C37: 2 | D37: 2 | F37: Impresión, Encuadernación y Rotulación | J37: =K38 -> 0
A38: 2 | B38: 2 | C38: 2 | D38: 2 | E38: 0 1 | F38: Impresión, Encuadernación y Rotulación | K38: ='CUENTA T FR'!J74 -> 0 | L38: =K38/$J$210 -> 0
A39: 2 | B39: 2 | C39: 3 | F39: VIATICOS | I39: =J40+J42 -> 56700
A40: 2 | B40: 2 | C40: 3 | D40: 1 | F40: Viáticos dentro del País | J40: =K41 -> 56700
A41: 2 | B41: 2 | C41: 3 | D41: 1 | E41: 0 1 | F41: Viáticos dentro del País | K41: ='CUENTA T FR'!K74 -> 56700 | L41: =K41/$J$210 -> 0.05965244
A42: 2 | B42: 2 | C42: 3 | D42: 2 | F42: Viáticos fuera del país | J42: =K43 -> 0
A43: 2 | B43: 2 | C43: 3 | D43: 2 | E43: 0 1 | F43: Viáticos fuera del país | K43: ='CUENTA T FR'!L74 -> 0 | L43: =K43/$J$210 -> 0
A44: 2 | B44: 2 | C44: 4 | F44: TRANSPORTE Y ALMACENAJE | I44: =J45+J47+J49+J51 -> 0
A45: 2 | B45: 2 | C45: 4 | D45: 1 | F45: Pasajes y Gastos de Transporte | J45: =K46 -> 0
A46: 2 | B46: 2 | C46: 4 | D46: 1 | E46: 0 1 | F46: Pasajes y Gastos de Transporte | K46: ='CUENTA T FR'!M74 -> 0 | L46: =K46/$J$210 -> 0
A47: 2 | B47: 2 | C47: 4 | D47: 2 | F47: Fletes | J47: =K48 -> 0
A48: 2 | B48: 2 | C48: 4 | D48: 2 | E48: 0 1 | F48: Fletes | K48: ='CUENTA T FR'!N74 -> 0 | L48: =K48/$J$210 -> 0
A49: 2 | B49: 2 | C49: 4 | D49: 3 | F49: Almacenaje | J49: =K50 -> 0
A50: 2 | B50: 2 | C50: 4 | D50: 3 | E50: 0 1 | F50: Almacenaje | K50: ='CUENTA T FR'!O74 -> 0 | L50: =K50/$J$210 -> 0
A51: 2 | B51: 2 | C51: 4 | D51: 4 | F51: Peaje | J51: =K52 -> 0
A52: 2 | B52: 2 | C52: 4 | D52: 4 | E52: 0 1 | F52: Peaje | K52: ='CUENTA T FR'!P74 -> 0 | L52: =K52/$J$210 -> 0
A53: 2 | B53: 2 | C53: 5 | F53: ALQUILERES Y RENTAS | I53: =J54+J56+J62+J64+J66 -> 0
A54: 2 | B54: 2 | C54: 5 | D54: 1 | F54: Alquileres y rentas de edificios y locales | J54: =K55 -> 0
A55: 2 | B55: 2 | C55: 5 | D55: 1 | E55: 0 1 | F55: Alquileres y rentas de edificios y locales | K55: ='CUENTA T FR'!Q74 -> 0 | L55: =K55/$J$210 -> 0
A56: 2 | B56: 2 | C56: 5 | D56: 3 | F56: Alquileres de maquinarias y equipos | J56: =K57+K58+K59+K60+K61 -> 0
A57: 2 | B57: 2 | C57: 5 | D57: 3 | E57: 0 1 | F57: Alquiler de equipos educacionales | K57: ='CUENTA T FR'!R74 -> 0 | L57: =K57/$J$210 -> 0
A58: 2 | B58: 2 | C58: 5 | D58: 3 | E58: 0 2 | F58: Alquiler de equipos de tecnologia y almacenamiento de datos | K58: ='CUENTA T FR'!S74 -> 0 | L58: =K58/$J$210 -> 0
A59: 2 | B59: 2 | C59: 5 | D59: 3 | E59: 0 3 | F59: Alquiler de equipos de comunicación | K59: ='CUENTA T FR'!T74 -> 0 | L59: =K59/$J$210 -> 0
A60: 2 | B60: 2 | C60: 5 | D60: 3 | E60: 0 4 | F60: Alquiler de equipos de oficina y muebles | K60: ='CUENTA T FR'!U74 -> 0 | L60: =K60/$J$210 -> 0
A61: 2 | B61: 2 | C61: 5 | D61: 3 | E61: 0 5 | F61: Alquiler de equipos medicos, sanitarios y de laboratorios | K61: ='CUENTA T FR'!V74 -> 0 | L61: =K61/$J$210 -> 0
A62: 2 | B62: 2 | C62: 5 | D62: 4 | F62: Alquileres eqs. de transporte, tracción y elevación | J62: =K63 -> 0
A63: 2 | B63: 2 | C63: 5 | D63: 4 | E63: 0 1 | F63: Alquileres eqs. de transporte, tracción y elevación | K63: ='CUENTA T FR'!W74 -> 0 | L63: =K63/$J$210 -> 0
A64: 2 | B64: 2 | C64: 5 | D64: 8 | F64: Otros alquileres y Arrendamientos por derecho de uso | J64: =K65 -> 0
A65: 2 | B65: 2 | C65: 5 | D65: 8 | E65: 0 1 | F65: Otros alquileres y Arrendamientos por derecho de uso | K65: ='CUENTA T FR'!X74 -> 0 | L65: =K65/$J$210 -> 0
A66: 2 | B66: 2 | C66: 5 | D66: 9 | F66: Derechos de uso | J66: =+K67 -> 0
A67: 2 | B67: 2 | C67: 5 | D67: 9 | E67: 0 1 | F67: Licencias informaticas | K67: ='CUENTA T FR'!Y74 -> 0 | L67: =K67/$J$210 -> 0
A68: 2 | B68: 2 | C68: 6 | F68: SEGUROS | I68: =J69+J71 -> 0
A69: 2 | B69: 2 | C69: 6 | D69: 1 | F69: Seguro de bienes inmuebles y de infraestructura | J69: =K70 -> 0
A70: 2 | B70: 2 | C70: 6 | D70: 1 | E70: 0 1 | F70: Seguro de bienes inmuebles y de infraestructura | K70: ='CUENTA T FR'!Z74 -> 0 | L70: =K70/$J$210 -> 0
A71: 2 | B71: 2 | C71: 6 | D71: 2 | F71: Seguro de bienes muebles | J71: =K72 -> 0
A72: 2 | B72: 2 | C72: 6 | D72: 2 | E72: 0 1 | F72: Seguro de bienes muebles | K72: ='CUENTA T FR'!AA74 -> 0 | L72: =K72/$J$210 -> 0
A73: 2 | B73: 2 | C73: 7 | F73: SERV. DE CONS. REPARS. MENORES E INST. TEMPORALES | I73: =J74+J80+J89 -> 0
A74: 2 | B74: 2 | C74: 7 | D74: 1 | F74: Contratación de Mantenimiento y Reparaciones Menores | J74: =K75+K76+K77+K78+K79 -> 0
A75: 2 | B75: 2 | C75: 7 | D75: 1 | E75: 0 1 | F75: Mantenimiento y Reparaciones Menores en Edificaciones | K75: ='CUENTA T FR'!AB74 -> 0 | L75: =K75/$J$210 -> 0
A76: 2 | B76: 2 | C76: 7 | D76: 1 | E76: 0 3 | F76: Limpieza y desmalezamiento de tierras y terrenos | K76: ='CUENTA T FR'!AC74 -> 0 | L76: =K76/$J$210 -> 0
A77: 2 | B77: 2 | C77: 7 | D77: 1 | E77: 0 6 | F77: Mantenimiento y Reparación de Instalaciones Electricas | K77: ='CUENTA T FR'!AD74 -> 0 | L77: =K77/$J$210 -> 0
A78: 2 | B78: 2 | C78: 7 | D78: 1 | E78: 0 7 | F78: Mant., Reparac. y Servicios de Pintura y sus Derivados | K78: ='CUENTA T FR'!AE74 -> 0 | L78: =K78/$J$210 -> 0
A79: 2 | B79: 2 | C79: 7 | D79: 1 | E79: 9 9 | F79: Otros mat. Rep. y sus derivados, no identificados anteriormente | K79: =+'CUENTA T FR'!AF74 -> 0 | L79: =K79/$J$210 -> 0 | O79: =+I73+J100+K150+K152+K154+K156+I159+K185+K186+K191+J204 -> 0
A80: 2 | B80: 2 | C80: 7 | D80: 2 | F80: Mantenimiento y Reparación de maquinarias y equipos | J80: =K81+K82+K83+K84+K85+K87+K86+K88 -> 0
A81: 2 | B81: 2 | C81: 7 | D81: 2 | E81: 0 1 | F81: Mant. Y rep. De muebles y equipos de oficina | K81: ='CUENTA T FR'!AG74 -> 0 | L81: =K81/$J$210 -> 0
A82: 2 | B82: 2 | C82: 7 | D82: 2 | E82: 0 2 | F82: Mant. y rep. equipos de tecnologia e informatica | K82: ='CUENTA T FR'!AH74 -> 0 | L82: =K82/$J$210 -> 0
A83: 2 | B83: 2 | C83: 7 | D83: 2 | E83: 0 4 | F83: Mant. y rep. equipos Medicos, sanitarios y de laboratorios | K83: ='CUENTA T FR'!AI74 -> 0 | L83: =K83/$J$210 -> 0
A84: 2 | B84: 2 | C84: 7 | D84: 2 | E84: 0 5 | F84: Mantenimiento y Reparación de Equipos de Comunicación | K84: ='CUENTA T FR'!AJ74 -> 0 | L84: =K84/$J$210 -> 0
A85: 2 | B85: 2 | C85: 7 | D85: 2 | E85: 0 6 | F85: Mant. y rep. eqs. Transporte, tracción y elevación | K85: ='CUENTA T FR'!AK74 -> 0 | L85: =K85/$J$210 -> 0
A86: 2 | B86: 2 | C86: 7 | D86: 2 | E86: 0 7 | F86: Mant. y Reparación de Equipos Industriales y Producción | K86: ='CUENTA T FR'!AL74 -> 0 | L86: =K86/$J$210 -> 0
A87: 2 | B87: 2 | C87: 7 | D87: 2 | E87: 0 8 | F87: Servicios de mant., rep., desmonte e instalación | K87: ='CUENTA T FR'!AM74 -> 0 | L87: =K87/$J$210 -> 0
A88: 2 | B88: 2 | C88: 7 | D88: 2 | E88: 9 9 | F88: Otros serv. de mant. y rep. de maq. y eq., no identificados anteriormente | K88: =+'CUENTA T FR'!AN74 -> 0 | L88: =K88/$J$210 -> 0
A89: 2 | B89: 2 | C89: 7 | D89: 3 | F89: Instalaciones temporales | J89: =K90 -> 0
A90: 2 | B90: 2 | C90: 7 | D90: 3 | E90: 0 1 | F90: Instalaciones temporales | K90: ='CUENTA T FR'!AO74 -> 0 | L90: =K90/$J$210 -> 0
A91: 2 | B91: 2 | C91: 8 | F91: OTROS SERVICIOS NO PERSONALES | I91: =J92+J94+J96+J98+J100+J104+J107+J113 -> 1719.76
A92: 2 | B92: 2 | C92: 8 | D92: 1 | F92: Gastos judiciales | J92: =K93 -> 0
A93: 2 | B93: 2 | C93: 8 | D93: 1 | E93: 0 1 | F93: Gastos judiciales | K93: ='CUENTA T FR'!AP74 -> 0 | L93: =K93/$J$210 -> 0
A94: 2 | B94: 2 | C94: 8 | D94: 2 | F94: Comisiones y gastos bancarios | J94: =K95 -> 1719.76
A95: 2 | B95: 2 | C95: 8 | D95: 2 | E95: 0 1 | F95: Comisiones y gastos bancarios | K95: ='CUENTA T FR'!AQ74 -> 1719.76 | L95: =K95/$J$210 -> 0.00180931
A96: 2 | B96: 2 | C96: 8 | D96: 3 | F96: Servicios sanitarios, médicos y veterinarios | J96: =K97 -> 0
A97: 2 | B97: 2 | C97: 8 | D97: 3 | E97: 0 1 | F97: Servicios sanitarios, médicos y veterinarios | K97: ='CUENTA T FR'!AR74 -> 0 | L97: =K97/$J$210 -> 0
A98: 2 | B98: 2 | C98: 8 | D98: 4 | F98: Servicios funerarios y gastos conexos | J98: =K99 -> 0
A99: 2 | B99: 2 | C99: 8 | D99: 4 | E99: 0 1 | F99: Servicios funerarios y gastos conexos | K99: ='CUENTA T FR'!AS74 -> 0 | L99: =K99/$J$210 -> 0
A100: 2 | B100: 2 | C100: 8 | D100: 5 | F100: Fumigación, lavandería, limpieza e higiene | J100: =K101+K102+K103 -> 0
A101: 2 | B101: 2 | C101: 8 | D101: 5 | E101: 0 1 | F101: Fumigación | K101: ='CUENTA T FR'!AT74 -> 0 | L101: =K101/$J$210 -> 0
A102: 2 | B102: 2 | C102: 8 | D102: 5 | E102: 0 2 | F102: Lavandería | K102: ='CUENTA T FR'!AU74 -> 0 | L102: =K102/$J$210 -> 0
A103: 2 | B103: 2 | C103: 8 | D103: 5 | E103: 0 3 | F103: Limpieza e higiene | K103: ='CUENTA T FR'!AV74 -> 0 | L103: =K103/$J$210 -> 0
...

Sheet CUENTA T FR
A1: 221101 | B1: 221201 | C1: 221301 | D1: 221401 | E1: 221501 | F1: 221601 | G1: 221701 | H1: 221801 | I1: 222101 | J1: 222201 | K1: 223101 | L1: 223201 | M1: 224101 | N1: 224201 | O1: 224301 | P1: 224401 | Q1: 225101 | R1: 225301 | S1: 225302 | T1: 225303 | U1: 225304 | V1: 225305 | W1: 225401 | X1: 225801 | Y1: 225901 | Z1: 226101 | AA1: 226201 | AB1: 227101 | AC1: 227103 | AD1: 227106 | AE1: 227107 | AF1: 227199 | AG1: 227201 | AH1: 227202 | AI1: 227204 | AJ1: 227205 | AK1: 227206 | AL1: 227207 | AM1: 227208 | AN1: 227299 | AO1: 227301 | AP1: 228101 | AQ1: 228201 | AR1: 228301 | AS1: 228401 | AT1: 228501 | AU1: 228502 | AV1: 228503 | AW1: 228601 | AX1: 228602 | AY1: 228702 | AZ1: 228703 | BA1: 228704 | BB1: 228705 | BC1: 228706 | BD1: 228801 | BE1: 228802 | BF1: 228803 | BG1: 229201 | BH1: 229203 | BI1: 231101 | BJ1: 231401 | BK1: 232101 | BL1: 232201 | BM1: 232301 | BN1: 233101 | BO1: 233201 | BP1: 233301 | BQ1: 233401 | BR1: 233501 | BS1: 234101 | BT1: 235101 | BU1: 235201 | BV1: 235301 | BW1: 235401 | BX1: 235501 | BY1: 236101 | BZ1: 236102 | CA1: 236103 | CB1: 236104 | CC1: 236105 | CD1: 236201 | CE1: 236202 | CF1: 236203 | CG1: 236304 | CH1: 236305 | CI1: 236306 | CJ1: 236401 | CK1: 236403 | CL1: 236407 | CM1: 236901 | CN1: 237101 | CO1: 237102 | CP1: 237104 | CQ1: 237105 | CR1: 237106 | CS1: 237202 | CT1: 237203 | CU1: 237205 | CV1: 237206 | CW1: 237299 | CX1: 239101 | CY1: 239201 | CZ1: 239301 | DA1: 239501 | DB1: 239601 | DC1: 239801 | DD1: 239802 | DE1: 239901 | DF1: 239904 | DG1: Totales | DH1: TRANSF NO. | DI1: VALOR | DJ1: RETENCION | DK1: AÑOS ANTERIORES | DL1: 2022 | DM1: Total | DN1: Proveedor Informal
CT2: 267052.04 | CZ2: 29259.1 | DG2: =SUM(A2:DF2) -> 296311.14 | DH2: 35628103674 | DI2: =+DG2 -> 296311.14 | DJ2: 14571.72
CX3: 21793.49 | DG3: =SUM(A3:DF3) -> 21793.49 | DH3: 35628116696 | DI3: =+DG3 -> 21793.49 | DJ3: 923.45
CW4: 107919.9 | DG4: =SUM(A4:DF4) -> 107919.9 | DH4: 35628130003 | DI4: =+DG4 -> 107919.9 | DJ4: 4572.87
BI5: 7000 | DG5: =SUM(A5:DF5) -> 7000 | DH5: 35628149901 | DI5: =+DG5 -> 7000 | DJ5: 700 | DN5: 7000
BI6: 6996 | DG6: =SUM(A6:DF6) -> 6996 | DH6: 35628305531 | DI6: =+DG6 -> 6996 | DJ6: 699.6 | DN6: 6996
BP7: 6700 | DG7: =SUM(A7:DF7) -> 6700 | DH7: 35628315786 | DI7: =+DG7 -> 6700 | DJ7: 670 | DN7: 6700
K8: 4700 | DG8: =SUM(A8:DF8) -> 4700 | DH8: 35637600140 | DI8: =+DG8 -> 4700
K9: 3100 | DG9: =SUM(A9:DF9) -> 3100 | DH9: 35637610435 | DI9: =+DG9 -> 3100
K10: 1050 | DG10: =SUM(A10:DF10) -> 1050 | DH10: 35637621897 | DI10: =+DG10 -> 1050
K11: 1050 | DG11: =SUM(A11:DF11) -> 1050 | DH11: 35637644405 | DI11: =+DG11 -> 1050
K12: 800 | DG12: =SUM(A12:DF12) -> 800 | DH12: 35637656986 | DI12: =+DG12 -> 800
K13: 800 | DG13: =SUM(A13:DF13) -> 800 | DH13: 35637670957 | DI13: =+DG13 -> 800
K14: 800 | DG14: =SUM(A14:DF14) -> 800 | DH14: 35638555897 | DI14: =+DG14 -> 800
K15: 800 | DG15: =SUM(A15:DF15) -> 800 | DH15: 35638567581 | DI15: =+DG15 -> 800
K16: 2150 | DG16: =SUM(A16:DF16) -> 2150 | DH16: 35638579717 | DI16: =+DG16 -> 2150
K17: 4050 | DG17: =SUM(A17:DF17) -> 4050 | DH17: 35638590098 | DI17: =+DG17 -> 4050
K18: 1800 | DG18: =SUM(A18:DF18) -> 1800 | DH18: 35638608522 | DI18: =+DG18 -> 1800
K19: 1100 | DG19: =SUM(A19:DF19) -> 1100 | DH19: 35638622155 | DI19: =+DG19 -> 1100
... K24: 1350 | DG24: =SUM(A24:DF24) -> 1350 | DH24: 35638730068 | DI24: =+DG24 -> 1350
AQ25: 758.61 | DG25: =SUM(A25:DF25) -> 758.61 | DI25: 758.61
C26: 19269.3 | DG26: =SUM(A26:DF26) -> 19269.3 | DH26: 35973227461 | DI26: 19269.3
CT27: 306798.7 | CZ27: 62805.68 | DG27: =SUM(A27:DF27) -> 369604.38 | DH27: 35973242268 | DI27: 369604.38
BS28: 42496 | DG28: =SUM(A28:DF28) -> 42496 | DH28: 35973258895 | DI28: 42496 | DJ28: 2124.8
BI29: 7000 | DG29: =SUM(A29:DF29) -> 7000 | DH29: 35973265848 | DI29: 7000 | DJ29: 700
BI30: 6996 | DG30: =SUM(A30:DF30) -> 6996 | DH30: 35973279835 | DI30: 6996 | DJ30: 699.6
K31: 4700 | DG31: =SUM(A31:DF31) -> 4700 | DH31: 35973791319 | DI31: 4700
K32: 1200 | DG32: =SUM(A32:DF32) -> 1200 | DH32: 35973807448 | DI32: 1200
K33: 1200 | DG33: =SUM(A33:DF33) -> 1200 | DH33: 35974150150 | DI33: 1200
K34: 1550 | DG34: =SUM(A34:DF34) -> 1550 | DH34: 35974158997 | DI34: 1550
K35: 4050 | DG35: =SUM(A35:DF35) -> 4050 | DH35: 35974167311 | DI35: 4050
K36: 4200 | DG36: =SUM(A36:DF36) -> 4200 | DH36: 35974176961 | DI36: 4200
K37: 1800 | DG37: =SUM(A37:DF37) -> 1800 | DH37: 35974561784 | DI37: 1800
K38: 900 | DG38: =SUM(A38:DF38) -> 900 | DH38: 35974568862 | DI38: 900
K39: 900 | DG39: =SUM(A39:DF39) -> 900 | DH39: 35974579854 | DI39: 900
K40: 1200 | DG40: =SUM(A40:DF40) -> 1200 | DH40: 35974584581 | DI40: 1200
K41: 900 | DG41: =SUM(A41:DF41) -> 900 | DH41: 35974964192 | DI41: 900
K42: 1100 | DG42: =SUM(A42:DF42) -> 1100 | DH42: 35974971002 | DI42: 1100
... K46: 750 | DG46: =SUM(A46:DF46) -> 750 | DH46: 35983062043 | DI46: 750
AQ47: 961.15 | DG47: =SUM(A47:DF47) -> 961.15 | DI47: 961.15
DG48: =SUM(A48:DF48) -> 0
DG49: =SUM(A49:DF49) -> 0
DG50: =SUM(A50:DF50) -> 0
DG51: =SUM(A51:DF51) -> 0
DG52: =SUM(A52:DF52) -> 0
DG53: =SUM(A53:DF53) -> 0
DG54: =SUM(A54:DF54) -> 0
DG55: =SUM(A55:DF55) -> 0
DG56: =SUM(A56:DF56) -> 0
A57: =SUM(A2:A56) -> 0 | B57: =SUM(B2:B56) -> 0 | C57: =SUM(C2:C56) -> 19269.3 | D57: =SUM(D2:D56) -> 0 | E57: =SUM(E2:E56) -> 0 | F57: =SUM(F2:F56) -> 0 | G57: =SUM(G2:G56) -> 0 | H57: =SUM(H2:H56) -> 0 | ... DF57: =SUM(DF2:DF56) -> 0 | DG57: =SUM(A57:DF57) -> 950505.97 | DI57: =SUM(DI2:DI56) -> 950505.97 | DJ57: =SUM(DJ2:DJ56) -> 25662.04 | DK57: =SUM(DK2:DK56) -> 0 | DL57: =SUM(DL2:DL56) -> 0 | DM57: =SUM(DM2:DM56) -> 0 | DN57: =SUM(DN2:DN56) -> 20696
A58: 221101 | B58: 221201 | C58: 221301 | D58: 221401 | E58: 221501 | F58: 221601 | G58: 221701 | H58: 221801 | I58: 222101 | J58: 222201 | K58: 223101 | L58: 223201 | M58: 224101 | N58: 224201 | O58: 224301 | P58: 224401 | Q58: 225101 | R58: 225301 | S58: 225302 | T58: 225303 | U58: 225304 | V58: 225305 | W58: 225401 | X58: 225801 | Y58: 225901 | Z58: 226101 | AA58: 226201 | AB58: 227101 | AC58: 227103 | AD58: 227106 | AE58: 227107 | AF58: 227199 | AG58: 227201 | AH58: 227202 | AI58: 227204 | AJ58: 227205 | AK58: 227206 | AL58: 227207 | AM58: 227208 | AN58: 227299 | AO58: 227301 | AP58: 228101 | AQ58: 228201 | AR58: 228301 | AS58: 228401 | AT58: 228501 | AU58: 228502 | AV58: 228503 | AW58: 228601 | AX58: 228602 | AY58: 228702 | AZ58: 228703 | BA58: 228704 | BB58: 228705 | BC58: 228706 | BD58: 228801 | BE58: 228802 | BF58: 228803 | BG58: 229201 | BH58: 229203 | BI58: 231101 | BJ58: 231401 | BK58: 232101 | BL58: 232201 | BM58: 232301 | BN58: 233101 | BO58: 233201 | BP58: 233301 | BQ58: 233401 | BR58: 233501 | BS58: 234101 | BT58: 235101 | BU58: 235201 | BV58: 235301 | BW58: 235401 | BX58: 235501 | BY58: 236101 | BZ58: 236102 | CA58: 236103 | CB58: 236104 | CC58: 236105 | CD58: 2362021 | CE58: 236202 | CF58: 236203 | CG58: 236304 | CH58: 236305 | CI58: 236306 | CJ58: 236401 | CK58: 236403 | CL58: 236407 | CM58: 236901 | CN58: 237101 | CO58: 237102 | CP58: 237104 | CQ58: 237105 | CR58: 237106 | CS58: 237202 | CT58: 237203 | CU58: 237205 | CV58: 237206 | CW58: 237299 | CX58: 239101 | CY58: 239201 | CZ58: 239301 | DA58: 239501 | DB58: 239601 | DC58: 239801 | DD58: 239802 | DE58: 239901 | DF58: 239904 | DG58: Totales
DG59: =SUM(A59:DF59) -> 0
DG60: =SUM(A60:DF60) -> 0
DG61: =SUM(A61:DF61) -> 0
DG62: =SUM(A62:DF62) -> 0
DG63: =SUM(A63:DF63) -> 0
DG64: =SUM(A64:DF64) -> 0
DG65: =SUM(A65:DF65) -> 0
DG66: =SUM(A66:DF66) -> 0
DG67: =SUM(A67:DF67) -> 0
DG68: =SUM(A68:DF68) -> 0
DG69: =SUM(A69:DF69) -> 0
DG70: =SUM(A70:DF70) -> 0
... DG72: =SUM(A72:DF72) -> 0
A73: =SUM(A59:A72) -> 0 | B73: =SUM(B59:B72) -> 0 | C73: =SUM(C59:C72) -> 0 | D73: =SUM(D59:D72) -> 0 | E73: =SUM(E59:E72) -> 0 | F73: =SUM(F59:F72) -> 0 | G73: =SUM(G59:G72) -> 0 | H73: =SUM(H59:H72) -> 0 | ... DG73: =SUM(DG59:DG72) -> 0
A74: =+A57+A73 -> 0 | B74: =+B57+B73 -> 0 | C74: =+C57+C73 -> 19269.3 | D74: =+D57+D73 -> 0 | E74: =+E57+E73 -> 0 | F74: =+F57+F73 -> 0 | G74: =+G57+G73 -> 0 | H74: =+H57+H73 -> 0 | ... DG74: =+DG57+DG73 -> 950505.97

Sheet AVISO DE DEBITO
A6: NOTAS DEL AVISO DE DEBITO
A8: Establecimiento :
A9: Monto del aviso | E9: Monto no considerado
A10: Comisiones Bancarias no consideradas | E10: Comisiones Bancarias
A11: Monto a Reponer | C11: =+C9-G9-C10 -> 0
A12: Fecha | E12: Fondo No.
A19: Preparado por: Licda. Rosa E. Cordero
A20: Analista de Financiera

Sheet CONS. FUENTES FINAN
A1: Form. No.6 SRS
A3: Servicio Nacional de Salud
A4: Dirección de Fizcalización
A5: Consolidado de Ingresos y Gastos por Fuente de Financiamiento
A6: ='CONSOLIDADO FR'!F7 -> Hospital Municipal Fantino
A7: JUNIO 2024
C8: Ingresos Generales:
E9: 1.- Balance Inicial / Fuente:
E10: Anticipo Financiero | G10: 853.94 | H10: Otros Aportes | J10: 213880 | M10: Contraseña: 0001
E11: Transferencias Corrientes
E12: Venta de Servicios | G12: 276366.29
E13: 2.- Ingresos por Fuente / Cuenta
E14: Anticipo Financiero | G14: 949772.82 | H14: Otros Aportes | J14: 82150 | M14: OBJETAL | N14: FR | O14: VS
E15: Transferencias Corrientes | H15: Aportes Nomina SNS | M15: 2.1 | N15: =G26 -> 0 | O15: =H26 -> #REF!
E16: Venta de Servicios | G16: 1637710.6 | M16: 2.2 | N16: =G87 -> 77689.06 | O16: =H87 -> #REF!
H17: TOTAL INGRESOS RDS | J17: =+G10+G11+G12+J10+G14+G15+G16+J14+J15 -> 3160733.7 | M17: 2.3 | N17: ='CONS. FUENTES FINAN'!G212 -> 872816.91 | O17: ='CONS. FUENTES FINAN'!H212 -> #REF!
M18: 2.4 | N18: =G330 -> 0 | O18: =H330 -> #REF!
M19: 2.6 | N19: =G336 -> 0 | O19: =H336 -> #REF!
M20: 2.7 | N20: ='CONS. FUENTES FINAN'!G463 -> 0 | O20: ='CONS. FUENTES FINAN'!H463 -> #REF!
A21: 1 | F21: 2 | G21: 3 | J21: 4 | K21: 5
A22: Código Presupuestario | F22: Descripción Gasto por Cuenta | G22: Distribución del Gasto por Fuente de Financiamiento | J22: TOTAL | K22: %
A23: Tipo | B23: Objeto | C23: Cuenta | D23: Sub-Cuenta | E23: Auxiliar | G23: Anticipo Financiero/ Transferencia | H23: Venta de Servicios/ Otros Aportes | I23: Aportes Nomina SNS
A25: 2 | F25: Gastos | G25: =+G26+G87+G212+G330+G336+G463 -> 950505.97 | H25: =+H26+H87+H212+H330+H336+H463 -> #REF! | I25: =+I26+I87+I212+I330+I336+I463 -> #REF! | J25: =SUM(G25:I25) -> #REF! | K25: =+K26+K87+K212+K330+K336+K463 -> #REF!
A26: 2 | B26: 1 | F26: Servicios Personales | G26: =+G27+G51+G64+G71+G78 -> 0 | H26: =+H27+H51+H64+H71+H78 -> #REF! | I26: =+I27+I51+I64+I71+I78 -> #REF! | J26: =SUM(G26:I26) -> #REF! | K26: =J26/$J$25 -> #REF!
A27: 2 | B27: 1 | C27: 1 | F27: Remuneraciones | G27: =+G28+G35+G42+G44+G46 -> 0 | H27: =+H28+H35+H42+H44+H46 -> #REF! | I27: =+I28+I35+I42+I44+I46 -> #REF! | J27: =SUM(G27:I27) -> #REF!
A28: 2 | B28: 1 | C28: 1 | D28: 1 | F28: Remuneraciones al personal fijo | G28: =SUM(G29:G34) -> 0 | H28: =SUM(H29:H34) -> #REF! | I28: =SUM(I29:I34) -> #REF! | J28: =SUM(G28:I28) -> #REF!
A29: 2 | B29: 1 | C29: 1 | D29: 1 | E29: 01 | F29: Sueldos a empleados fijos | H29: =#REF! -> #REF! | I29: =#REF! -> #REF! | J29: =SUM(G29:I29) -> #REF! | K29: =J29/$J$25 -> #REF!
A30: 2 | B30: 1 | C30: 1 | D30: 1 | E30: 02 | F30: Sueldos a médicos | H30: =#REF! -> #REF! | I30: =#REF! -> #REF! | J30: =SUM(G30:I30) -> #REF! | K30: =J30/$J$25 -> #REF!
A31: 2 | B31: 1 | C31: 1 | D31: 1 | E31: 03 | F31: Ascensos a militares | H31: =#REF! -> #REF! | I31: =#REF! -> #REF! | J31: =SUM(G31:I31) -> #REF! | K31: =J31/$J$25 -> #REF!
A32: 2 | B32: 1 | C32: 1 | D32: 1 | E32: 04 | F32: Nuevas plazas maestros | H32: =#REF! -> #REF! | I32: =#REF! -> #REF! | J32: =SUM(G32:I32) -> #REF! | K32: =J32/$J$25 -> #REF!
A33: 2 | B33: 1 | C33: 1 | D33: 1 | E33: 05 | F33: Incentivos y escalafón | H33: =#REF! -> #REF! | I33: =#REF! -> #REF! | J33: =SUM(G33:I33) -> #REF! | K33: =J33/$J$25 -> #REF!
A34: 2 | B34: 1 | C34: 1 | D34: 1 | E34: 06 | F34: Nuevas plazas a médicos | H34: =#REF! -> #REF! | I34: =#REF! -> #REF! | J34: =SUM(G34:I34) -> #REF! | K34: =J34/$J$25 -> #REF!
A35: 2 | B35: 1 | C35: 1 | D35: 2 | F35: Remuneraciones al personal con carácter transitorio | G35: =SUM(G36:G41) -> 0 | H35: =SUM(H36:H41) -> #REF! | I35: =SUM(I36:I41) -> #REF! | J35: =SUM(G35:I35) -> #REF!
A36: 2 | B36: 1 | C36: 1 | D36: 2 | E36: 03 | F36: Suplencias | H36: =#REF! -> #REF! | I36: =#REF! -> #REF! | J36: =SUM(G36:I36) -> #REF! | K36: =J36/$J$25 -> #REF!
A37: 2 | B37: 1 | C37: 1 | D37: 2 | E37: 05 | F37: Sueldo al personal nominal en período probatorio | H37: =#REF! -> #REF! | I37: =#REF! -> #REF! | J37: =SUM(G37:I37) -> #REF! | K37: =J37/$J$25 -> #REF!
A38: 2 | B38: 1 | C38: 1 | D38: 2 | E38: 06 | F38: Jornales | H38: =#REF! -> #REF! | I38: =#REF! -> #REF! | J38: =SUM(G38:I38) -> #REF! | K38: =J38/$J$25 -> #REF!
A39: 2 | B39: 1 | C39: 1 | D39: 2 | E39: 08 | F39: Empleados temporales | H39: =#REF! -> #REF! | I39: =#REF! -> #REF! | J39: =SUM(G39:I39) -> #REF! | K39: =J39/$J$25 -> #REF!
A40: 2 | B40: 1 | C40: 1 | D40: 2 | E40: 09 | F40: Personal de carácter eventual | H40: =#REF! -> #REF! | I40: =#REF! -> #REF! | J40: =SUM(G40:I40) -> #REF! | K40: =J40/$J$25 -> #REF!
A41: 2 | B41: 1 | C41: 1 | D41: 2 | E41: 11 | F41: Interinato | H41: =#REF! -> #REF! | I41: =#REF! -> #REF! | J41: =SUM(G41:I41) -> #REF! | K41: =J41/$J$25 -> #REF!
A42: 2 | B42: 1 | C42: 1 | D42: 3 | F42: Sueldos al personal fijo en trámite de pensiones | G42: =SUM(G43) -> 0 | H42: =SUM(H43) -> #REF! | I42: =SUM(I43) -> #REF! | J42: =SUM(G42:I42) -> #REF!
A43: 2 | B43: 1 | C43: 1 | D43: 3 | E43: 01 | F43: Sueldos al personal fijo en trámite de pensiones | H43: =#REF! -> #REF! | I43: =#REF! -> #REF! | J43: =SUM(G43:I43) -> #REF! | K43: =J43/$J$25 -> #REF!
A44: 2 | B44: 1 | C44: 1 | D44: 4 | F44: Sueldo anual no. 13 | G44: =SUM(G45) -> 0 | H44: =SUM(H45) -> #REF! | I44: =SUM(I45) -> #REF! | J44: =SUM(G44:I44) -> #REF!
A45: 2 | B45: 1 | C45: 1 | D45: 4 | E45: 01 | F45: Sueldo anual no. 13 | H45: =#REF! -> #REF! | I45: =#REF! -> #REF! | J45: =SUM(G45:I45) -> #REF! | K45: =J45/$J$25 -> #REF!
A46: 2 | B46: 1 | C46: 1 | D46: 5 | F46: Prestaciones económinas | G46: =SUM(G47:G50) -> 0 | H46: =SUM(H47:H50) -> #REF! | I46: =SUM(I47:I50) -> #REF! | J46: =SUM(G46:I46) -> #REF!
A47: 2 | B47: 1 | C47: 1 | D47: 5 | E47: 01 | F47: Prestaciones económinas | H47: =#REF! -> #REF! | I47: =#REF! -> #REF! | J47: =SUM(G47:I47) -> #REF! | K47: =J47/$J$25 -> #REF!
A48: 2 | B48: 1 | C48: 1 | D48: 5 | E48: 02 | F48: Pago de porcentaje por desvinculación de cargo | H48: =#REF! -> #REF! | I48: =#REF! -> #REF! | J48: =SUM(G48:I48) -> #REF! | K48: =J48/$J$25 -> #REF!
A49: 2 | B49: 1 | C49: 1 | D49: 5 | E49: 03 | F49: Prestación laboral por desvinculación | H49: =#REF! -> #REF! | I49: =#REF! -> #REF! | J49: =SUM(G49:I49) -> #REF! | K49: =J49/$J$25 -> #REF!
A50: 2 | B50: 1 | C50: 1 | D50: 5 | E50: 04 | F50: Proporción de vacaciones no disfrutadas | H50: =#REF! -> #REF! | I50: =#REF! -> #REF! | J50: =SUM(G50:I50) -> #REF! | K50: =J50/$J$25 -> #REF!
A51: 2 | B51: 1 | C51: 2 | F51: Sobresueldos | G51: =+G52+G54 -> 0 | H51: =+H52+H54 -> #REF! | I51: =+I52+I54 -> #REF! | J51: =SUM(G51:I51) -> #REF!
A52: 2 | B52: 1 | C52: 2 | D52: 1 | F52: Primas por antigüedad | G52: =SUM(G53) -> 0 | H52: =SUM(H53) -> #REF! | I52: =SUM(I53) -> #REF! | J52: =SUM(G52:I52) -> #REF!
A53: 2 | B53: 1 | C53: 2 | D53: 1 | E53: 01 | F53: Primas por antigüedad | H53: =#REF! -> #REF! | I53: =#REF! -> #REF! | J53: =SUM(G53:I53) -> #REF! | K53: =J53/$J$25 -> #REF!
A54: 2 | B54: 1 | C54: 2 | D54: 2 | F54: Compensación | G54: =SUM(G55:G63) -> 0 | H54: =SUM(H55:H63) -> #REF! | I54: =SUM(I55:I63) -> #REF! | J54: =SUM(G54:I54) -> #REF!
A55: 2 | B55: 1 | C55: 2 | D55: 2 | E55: 01 | F55: Compensación por gastos de alimentación | H55: =#REF! -> #REF! | I55: =#REF! -> #REF! | J55: =SUM(G55:I55) -> #REF! | K55: =J55/$J$25 -> #REF!
A56: 2 | B56: 1 | C56: 2 | D56: 2 | E56: 03 | F56: Pago de horas extraordinarias | H56: =#REF! -> #REF! | I56: =#REF! -> #REF! | J56: =SUM(G56:I56) -> #REF! | K56: =J56/$J$25 -> #REF!
A57: 2 | B57: 1 | C57: 2 | D57: 2 | E57: 04 | F57: Prima de transporte | H57: =#REF! -> #REF! | I57: =#REF! -> #REF! | J57: =SUM(G57:I57) -> #REF! | K57: =J57/$J$25 -> #REF!
A58: 2 | B58: 1 | C58: 2 | D58: 2 | E58: 05 | F58: Compensación servicios de Seguridad | H58: =#REF! -> #REF! | I58: =#REF! -> #REF! | J58: =SUM(G58:I58) -> #REF! | K58: =J58/$J$25 -> #REF!
A59: 2 | B59: 1 | C59: 2 | D59: 2 | E59: 06 | F59: Incentivo por Rendimieto Individual | H59: =#REF! -> #REF! | I59: =#REF! -> #REF! | J59: =SUM(G59:I59) -> #REF! | K59: =J59/$J$25 -> #REF!
A60: 2 | B60: 1 | C60: 2 | D60: 2 | E60: 07 | F60: Compensación por distancia | H60: =#REF! -> #REF! | I60: =#REF! -> #REF! | J60: =SUM(G60:I60) -> #REF! | K60: =J60/$J$25 -> #REF!
A61: 2 | B61: 1 | C61: 2 | D61: 2 | E61: 08 | F61: Compensaciones especiales | H61: =#REF! -> #REF! | I61: =#REF! -> #REF! | J61: =SUM(G61:I61) -> #REF! | K61: =J61/$J$25 -> #REF!
A62: 2 | B62: 1 | C62: 2 | D62: 2 | E62: 09 | F62: Bono por desempeño a servidores de carrera | H62: =#REF! -> #REF! | I62: =#REF! -> #REF! | J62: =SUM(G62:I62) -> #REF! | K62: =J62/$J$25 -> #REF!
A63: 2 | B63: 1 | C63: 2 | D63: 2 | E63: 10 | F63: Compensacion por cumplimiento de indicadores | H63: =#REF! -> #REF! | I63: =#REF! -> #REF! | J63: =SUM(G63:I63) -> #REF! | K63: =J63/$J$25 -> #REF!
A64: 2 | B64: 1 | C64: 3 | F64: Dietas y Gastos de Representación | G64: =+G65+G68 -> 0 | H64: =+H65+H68 -> #REF! | I64: =+I65+I68 -> #REF! | J64: =SUM(G64:I64) -> #REF!
A65: 2 | B65: 1 | C65: 3 | D65: 1 | F65: Dietas | G65: =SUM(G66:G67) -> 0 | H65: =SUM(H66:H67) -> #REF! | I65: =SUM(I66:I67) -> #REF! | J65: =SUM(G65:I65) -> #REF!
A66: 2 | B66: 1 | C66: 3 | D66: 1 | E66: 01 | F66: Dietas en el país | H66: =#REF! -> #REF! | I66: =#REF! -> #REF! | J66: =SUM(G66:I66) -> #REF! | K66: =J66/$J$25 -> #REF!
A67: 2 | B67: 1 | C67: 3 | D67: 1 | E67: 02 | F67: Dietas en el exterior | H67: =#REF! -> #REF! | I67: =#REF! -> #REF! | J67: =SUM(G67:I67) -> #REF! | K67: =J67/$J$25 -> #REF!
A68: 2 | B68: 1 | C68: 3 | D68: 2 | F68: Gastos de representación | G68: =SUM(G69:G70) -> 0 | H68: =SUM(H69:H70) -> #REF! | I68: =SUM(I69:I70) -> #REF! | J68: =SUM(G68:I68) -> #REF!
A69: 2 | B69: 1 | C69: 3 | D69: 2 | E69: 01 | F69: Gastos de representación en el país | H69: =#REF! -> #REF! | I69: =#REF! -> #REF! | J69: =SUM(G69:I69) -> #REF! | K69: =J69/$J$25 -> #REF!
A70: 2 | B70: 1 | C70: 3 | D70: 2 | E70: 02 | F70: Gastos de representación en el exterior | H70: =#REF! -> #REF! | I70: =#REF! -> #REF! | J70: =SUM(G70:I70) -> #REF! | K70: =J70/$J$25 -> #REF!
A71: 2 | B71: 1 | C71: 4 | F71: Gratificaciones y Bonificaciones | G71: =+G72+G74 -> 0 | H71: =+H72+H74 -> #REF! | I71: =+I72+I74 -> #REF! | J71: =SUM(G71:I71) -> #REF!
A72: 2 | B72: 1 | C72: 4 | D72: 1 | F72: Bonificaciones | G72: =SUM(G73) -> 0 | H72: =SUM(H73) -> #REF! | I72: =SUM(I73) -> #REF! | J72: =SUM(G72:I72) -> #REF!
A73: 2 | B73: 1 | C73: 4 | D73: 1 | E73: 01 | F73: Bonificaciones | H73: =#REF! -> #REF! | I73: =#REF! -> #REF! | J73: =SUM(G73:I73) -> #REF! | K73: =J73/$J$25 -> #REF!
A74: 2 | B74: 1 | C74: 4 | D74: 2 | F74: Otras Gratificaciones y Bonificaciones | G74: =SUM(G75:G77) -> 0 | H74: =SUM(H75:H77) -> #REF! | I74: =SUM(I75:I77) -> #REF! | J74: =SUM(G74:I74) -> #REF!
A75: 2 | B75: 1 | C75: 4 | D75: 2 | E75: 01 | F75: Bono escolar | H75: =#REF! -> #REF! | I75: =#REF! -> #REF! | J75: =SUM(G75:I75) -> #REF! | K75: =J75/$J$25 -> #REF!
A76: 2 | B76: 1 | C76: 4 | D76: 2 | E76: 02 | F76: Gratificaciones por pasantías | H76: =#REF! -> #REF! | I76: =#REF! -> #REF! | J76: =SUM(G76:I76) -> #REF! | K76: =J76/$J$25 -> #REF!
A77: 2 | B77: 1 | C77: 4 | D77: 2 | E77: 03 | F77: Gratificaciones por aniversario de institución | H77: =#REF! -> #REF! | I77: =#REF! -> #REF! | J77: =SUM(G77:I77) -> #REF! | K77: =J77/$J$25 -> #REF!
A78: 2 | B78: 1 | C78: 5 | F78: Contribuciones a la Seguridad Social y Riesgo Laboral | G78: =+G79+G81+G83+G85 -> 0 | H78: =+H79+H81+H83+H85 -> #REF! | I78: =+I79+I81+I83+I85 -> #REF! | J78: =SUM(G78:I78) -> #REF!
A79: 2 | B79: 1 | C79: 5 | D79: 1 | F79: Contribuciones al seguro de salud | G79: =SUM(G80) -> 0 | H79: =SUM(H80) -> #REF! | I79: =SUM(I80) -> #REF! | J79: =SUM(G79:I79) -> #REF!
A80: 2 | B80: 1 | C80: 5 | D80: 1 | E80: 01 | F80: Contribuciones al seguro de salud | H80: =#REF! -> #REF! | I80: =#REF! -> #REF! | J80: =SUM(G80:I80) -> #REF! | K80: =J80/$J$25 -> #REF!
A81: 2 | B81: 1 | C81: 5 | D81: 2 | F81: Contribuciones al seguro de pensiones | G81: =SUM(G82) -> 0 | H81: =SUM(H82) -> #REF! | I81: =SUM(I82) -> #REF! | J81: =SUM(G81:I81) -> #REF!
A82: 2 | B82: 1 | C82: 5 | D82: 2 | E82: 01 | F82: Contribuciones al seguro de pensiones | H82: =#REF! -> #REF! | I82: =#REF! -> #REF! | J82: =SUM(G82:I82) -> #REF! | K82: =J82/$J$25 -> #REF!
A83: 2 | B83: 1 | C83: 5 | D83: 3 | F83: Contribuciones al seguro de riesgo laboral | G83: =SUM(G84) -> 0 | H83: =SUM(H84) -> #REF! | I83: =SUM(I84) -> #REF! | J83: =SUM(G83:I83) -> #REF!
A84: 2 | B84: 1 | C84: 5 | D84: 3 | E84: 01 | F84: Contribuciones al seguro de riesgo laboral | H84: =#REF! -> #REF! | I84: =#REF! -> #REF! | J84: =SUM(G84:I84) -> #REF! | K84: =J84/$J$25 -> #REF!
A85: 2 | B85: 1 | C85: 5 | D85: 4 | F85: Contribuciones al plan de retiro complementario | G85: =SUM(G86) -> 0 | H85: =SUM(H86) -> #REF! | I85: =SUM(I86) -> #REF! | J85: =SUM(G85:I85) -> #REF!
A86: 2 | B86: 1 | C86: 5 | D86: 4 | E86: 01 | F86: Contribuciones al plan de retiro complementario | H86: =#REF! -> #REF! | I86: =#REF! -> #REF! | J86: =SUM(G86:I86) -> #REF! | K86: =J86/$J$25 -> #REF!
A87: 2 | B87: 2 | F87: Servicios No Personales | G87: =G88+G106+G111+G116+G125+G148+G157+G179+G208 -> 77689.06 | H87: =H88+H106+H111+H116+H125+H148+H157+H179+H208 -> #REF! | I87: =I88+I106+I111+I116+I125+I148+I157+I179+I208 -> 0 | J87: =SUM(G87:I87) -> #REF! | K87: =J87/$J$25 -> #REF!
A88: 2 | B88: 2 | C88: 1 | F88: Servicios Básicos | G88: =+G89+G91+G93+G95+G97+G99+G102+G104 -> 19269.3 | H88: =+H89+H91+H93+H95+H97+H99+H102+H104 -> #REF! | I88: =+I89+I91+I93+I95+I97+I99+I102+I104 -> 0 | J88: =SUM(G88:I88) -> #REF!
A89: 2 | B89: 2 | C89: 1 | D89: 1 | F89: Radiocomunicación | G89: =SUM(G90) -> 0 | H89: =SUM(H90) -> #REF! | I89: =SUM(I90) -> 0 | J89: =SUM(G89:I89) -> #REF!
A90: 2 | B90: 2 | C90: 1 | D90: 1 | E90: 01 | F90: Radiocomunicación | G90: ='CONSOLIDADO FR'!K19 -> 0 | H90: =#REF! -> #REF! | J90: =SUM(G90:I90) -> #REF! | K90: =J90/$J$25 -> #REF!
A91: 2 | B91: 2 | C91: 1 | D91: 2 | F91: Servicios telefónico de larga distancia | G91: =SUM(G92) -> 0 | H91: =SUM(H92) -> #REF! | I91: =SUM(I92) -> 0 | J91: =SUM(G91:I91) -> #REF!
A92: 2 | B92: 2 | C92: 1 | D92: 2 | E92: 01 | F92: Servicios telefónico de larga distancia | G92: ='CONSOLIDADO FR'!K21 -> 0 | H92: =#REF! -> #REF! | J92: =SUM(G92:I92) -> #REF! | K92: =J92/$J$25 -> #REF!
A93: 2 | B93: 2 | C93: 1 | D93: 3 | F93: Teléfono local | G93: =SUM(G94) -> 19269.3 | H93: =SUM(H94) -> #REF! | I93: =SUM(I94) -> 0 | J93: =SUM(G93:I93) -> #REF!
A94: 2 | B94: 2 | C94: 1 | D94: 3 | E94: 01 | F94: Teléfono local | G94: ='CONSOLIDADO FR'!K23 -> 19269.3 | H94: =#REF! -> #REF! | J94: =SUM(G94:I94) -> #REF! | K94: =J94/$J$25 -> #REF!
A95: 2 | B95: 2 | C95: 1 | D95: 4 | F95: Telefax y correos | G95: =SUM(G96) -> 0 | H95: =SUM(H96) -> #REF! | I95: =SUM(I96) -> 0 | J95: =SUM(G95:I95) -> #REF!
A96: 2 | B96: 2 | C96: 1 | D96: 4 | E96: 01 | F96: Telefax y correos | G96: ='CONSOLIDADO FR'!K25 -> 0 | H96: =#REF! -> #REF! | J96: =SUM(G96:I96) -> #REF! | K96: =J96/$J$25 -> #REF!
A97: 2 | B97: 2 | C97: 1 | D97: 5 | F97: Servicio de Internet y televisión por cable | G97: =SUM(G98) -> 0 | H97: =SUM(H98) -> #REF! | I97: =SUM(I98) -> 0 | J97: =SUM(G97:I97) -> #REF!
A98: 2 | B98: 2 | C98: 1 | D98: 5 | E98: 01 | F98: Servicio de Internet y televisión por cable | G98: ='CONSOLIDADO FR'!K27 -> 0 | H98: =#REF! -> #REF! | J98: =SUM(G98:I98) -> #REF! | K98: =J98/$J$25 -> #REF!
A99: 2 | B99: 2 | C99: 1 | D99: 6 | F99: Electricidad | G99: =SUM(G100:G101) -> 0 | H99: =SUM(H100:H101) -> #REF! | I99: =SUM(I100:I101) -> 0 | J99: =SUM(G99:I99) -> #REF!
A100: 2 | B100: 2 | C100: 1 | D100: 6 | E100: 01 | F100: Energía eléctrica | G100: ='CONSOLIDADO FR'!K29 -> 0 | H100: =#REF! -> #REF! | J100: =SUM(G100:I100) -> #REF! | K100: =J100/$J$25 -> #REF!
A101: 2 | B101: 2 | C101: 1 | D101: 6 | E101: 02 | F101: Electricidad no cortable | H101: =#REF! -> #REF! | J101: =SUM(G101:I101) -> #REF! | K101: =J101/$J$25 -> #REF!
A102: 2 | B102: 2 | C102: 1 | D102: 7 | F102: Agua | G102: =SUM(G103) -> 0 | H102: =SUM(H103) -> #REF! | I102: =SUM(I103) -> 0 | J102: =SUM(G102:I102) -> #REF!
...
